Unix NetHack Version 5.0.0-0 post-release - last build Jul 11 2026 15:18:16 (a5a7a23833b1ad5d30b1c6e96a93a978492a6348,branch:main).

Game began 2026-07-12 18:58:29, ended 2026-07-12 19:18:46.

Coineanach, neutral male human Barbarian

                                 ----------            -------    ----------
                                 +.......<-0           |.....|    |........|
                                 ||.......|#           |......### |........|
    --------                     |........|            |....^|  ##|.....{..|
    |!!..!.)#                    |........|#           ---.---   #|.>......|
    |!!....|#                    |.........##             #      #.........|
    |!...!!|##                   ----------#              #       ---|------
    -------- #                             #              #          #
             #    ---------                ##             #          #
             ##   |.......|###              ##            #          ####
              "   |.......-###             ########       #             ##
              #   |.......|  ##         #    #####   -+---.-----         #
              #   |eGf....|   #############      #  #-.........|         #
              ##  |@r......          -.---#     #####|.........|       --.---
               ###...`....|          |...|####     # |.........|       |....|
                  ---------          |...|###########........[.|       |....|
                                     |...|           -----------       |....|
                                     |...|                             |....|
                                     -----                             ------

Coineanach the Pillager    St:18/01 Dx:18 Co:18 In:7 Wi:7 Ch:6  Neutral
Dlvl:5  $:455 HP:0(44) Pw:10(10) AC:5  Xp:4 T:2888 

Latest messages:
 You stumble into a spider web!
 You disentangle yourself.
 You kill the iguana!
 You miss the floating eye.
 You are frozen by the floating eye's gaze!
 The gnome lady wields an aklys!
 The gnome lady secures the tether on the aklys.
 The kitten misses the rock mole.
 The rock mole bites!
 The gnome lady throws an aklys!
 An aklys misses you.
 The aklys returns to the gnome lady's hand!
 The kitten misses the rock mole.
 The kitten misses the rock mole.
 The kitten misses the rock mole.
 The kitten misses the rock mole.
 The kitten bites the rock mole.
 The kitten misses the rock mole.
 The kitten misses the rock mole.
 The kitten misses the rock mole.
 The kitten misses the rock mole.
 The gnome lady throws an aklys!
 The aklys misses the floating eye.
 You are hit by an aklys!
 The kitten misses the rock mole.
 The kitten misses the rock mole.
 The kitten bites the rock mole.
 The rock mole bites the kitten.
 The kitten misses the rock mole.
 The rock mole bites!
 The gnome lady throws an aklys!
 The aklys misses the floating eye.
 You are hit by an aklys!
 The kitten misses the rock mole.
 The kitten misses the rock mole.
 The gnome lady throws an aklys!
 The aklys misses the floating eye.
 You are hit by an aklys!
 The kitten misses the rock mole.
 The kitten misses the rock mole.
 The kitten bites the rock mole.
 The rock mole bites the kitten.
 The rock mole bites!
 The gnome lady swings her aklys.
 The gnome lady hits!
 The rock mole bites!
 The gnome lady swings her aklys.
 The gnome lady hits!
 You die...
 Do you want your possessions identified? [ynq] (y)

Inventory:
 Coins    ('$')
  $ - 455 gold pieces
 Weapons  (')')
  b - a +0 axe (alternate weapon; not wielded)
  a - a corroded +0 two-handed sword (weapon in hands)
 Armor    ('[')
  E - an uncursed rustproof +0 pair of iron shoes (being worn)
  F - an uncursed rotted +0 dwarvish cloak (being worn)
  c - an uncursed +0 ring mail (being worn)
 Comestibles  ('%')
  B - an uncursed cram ration
 Scrolls  ('?')
  m - a blessed scroll of amnesia
  n - an uncursed scroll of confuse monster
  p - an uncursed scroll of destroy armor
  q - an uncursed scroll of enchant armor
  o - an uncursed scroll of identify
  C - a cursed scroll of identify
  i - an uncursed scroll of light
  z - an uncursed scroll of magic mapping
  e - an uncursed scroll of punishment
  l - an uncursed scroll of remove curse
  j - an uncursed scroll of taming
 Potions  ('!')
  L - an uncursed potion of blindness
  f - 4 uncursed potions of extra healing
  g - 2 uncursed potions of gain level
  v - an uncursed potion of healing
  x - an uncursed potion of levitation
  K - a blessed potion of monster detection
  J - an uncursed potion of object detection
  I - an uncursed potion of restore ability
 Tools    ('(')
  D - an uncursed leash
  G - a +0 pick-axe

Coineanach the Barbarian's attributes:

Background:
 You were a Pillager, a level 4 male human Barbarian.
 You were neutral, nominally on a mission for Crom
 who was opposed by Mitra (lawful) and Set (chaotic).
 You were left-handed.
 You were in the Dungeons of Doom, on level 5.
 You entered the dungeon 2888 turns ago.
 You had 145 experience points, 15 more were needed to attain level 5.

Basics:
 You had 0 out of 44 hit points.
 You had all 10 energy points (spell power).
 Your armor class was 5.
 Your wallet contained 455 zorkmids.
 Autopickup was off.

Final Characteristics:
 Your strength was 18/01 (limit:18/100).
 Your dexterity was 18 (limit:18).
 Your constitution was 18 (limit:18).
 Your intelligence was 7 (limit:18).
 Your wisdom was 7 (limit:18).
 Your charisma was 6 (limit:18).

Final Status:
 You weren't hungry.
 You were unencumbered.
 You were wielding a two-handed sword.
 You had basic skill with two-handed sword.

Final Attributes:
 You were piously aligned.
 Your items were somewhat protected from fire.
 Your items were somewhat protected from cold.
 You were poison resistant.
 You were warded.
 Your spell casting was impaired by metallic armor.
 You are dead.

Miscellaneous:
 You didn't encounter any bones levels.
 Total elapsed playing time was 20 minutes and 16 seconds.

Major events:
 Turn
    1: Coineanach the neutral male human Barbarian entered the dungeon
 1548: attained the rank of Pillager (level 3)
 2097: entered the Gnomish Mines
 2888: killed by a gnome lady, while frozen by a floating eye's gaze

Spells:
 Name                 Level Category     Fail Retention
 knock                  1   matter       100%  76%-100%

Skills:
 Fighting Skills
   bare handed combat [Basic]
   two weapon combat  [Unskilled]
   riding             [Unskilled]
 Weapon Skills
   dagger             [Unskilled]
   axe                [Basic]
   pick-axe           [Unskilled]
   short sword        [Unskilled]
   broadsword         [Unskilled]
   long sword         [Unskilled]
   two-handed sword   [Basic]
   saber              [Unskilled]
   club               [Unskilled]
   mace               [Unskilled]
   morning star       [Unskilled]
   flail              [Unskilled]
   hammer             [Unskilled]
   quarterstaff       [Unskilled]
   spear              [Unskilled]
   trident            [Unskilled]
   bow                [Unskilled]
 Spellcasting Skills
   attack spells      [Unskilled]
   escape spells      [Unskilled]

Voluntary challenges:
 Character rerolling was not enabled.
 You were an atheist.
 You never genocided any monsters.
 You never polymorphed an object.
 You never changed form.
 You used no wishes.
Achievements:
 You entered a shop.
 You attained the rank of Pillager.
 You entered the Gnomish Mines.

 The Dungeons of Doom: levels 1 to 5
    Level 1:
       Some fountains.
    Level 2: "spb knock"
       A scroll shop, a fountain.
    Level 3:
       Some fountains.
    Level 4:
       Many fountains.
       Stairs down to The Gnomish Mines.
    Level 5: <- You were here.
       A potion shop, a fountain, a grave.
       Final resting place for
          you, killed by a gnome lady, while frozen by a floating eye's gaze.
 The Gnomish Mines:
    Level 5:


Vanquished creatures:
  a shrieker
  2 gray oozes
  a floating eye
  a dwarf
  a hill orc
 an orc zombie
  a wererat
  2 iguanas
  a coyote
  2 giant rats
  3 cave spiders
  2 green molds
  2 geckos
  3 jackals
  a fox
  a kobold
  2 goblins
  a sewer rat
  6 grid bugs
  2 bats
  6 lichens
  a kobold zombie
  5 newts
48 creatures vanquished.

No species were genocided or became extinct.

Game over:
                       ----------
                      /          \
                     /    REST    \
                    /      IN      \
                   /     PEACE      \
                  /                  \
                  |    Coineanach    |
                  |      455 Au      |
                  |   killed by a    |
                  |    gnome lady    |
                  |                  |
                  |                  |
                  |       2026       |
                 *|     *  *  *      | *
        _________)/\\_//(\/(/\)/\//\/|_)_______

Goodbye Coineanach the Barbarian...

You died in The Dungeons of Doom on dungeon level 5 with 1190 points,
and 455 pieces of gold, after 2888 moves.
You were level 4 with a maximum of 44 hit points when you died.

